Map: Coda LE (Void)

Players

Bop

  • Race: Protoss Protoss

Jayu - Winner!

  • Race: Zerg Zerg

VOD

Have the link to the VOD?

Description

Time

  • Played on: May 2, 2015, 8:30 p.m.
  • Length: 12:31
Show
View Real Time Build Order
Export as new Build Order

Bop Protoss 

Build Orders: Nexus First 

Get SALT Encoding   

  12  0:01  Probe  
  13  0:13  Probe  
  14  0:45  Nexus  
  14  0:52  Pylon  
  14  1:10  Probe (Chrono Boost), Gateway  
  15  1:21  Probe (Chrono Boost)  
  16  1:27  Probe (Chrono Boost)  
  17  1:37  Assimilator  
  17  1:39  Probe (Chrono Boost)  
  18  1:41  Assimilator  
  19  1:48  Probe (Chrono Boost)  
  19  1:56  Probe  
  19  1:58  Cybernetics Core  
  19  2:00  Pylon  
  20  2:02  Probe (Chrono Boost)  
  21  2:08  Probe (Chrono Boost)  
  21  2:14  Probe (Chrono Boost)  
  23  2:19  Probe (Chrono Boost)  
  23  2:22  Probe (Chrono Boost)  
  25  2:25  Probe (Chrono Boost)  
  26  2:34  Adept (Chrono Boost)  
  26  2:36  Probe (Chrono Boost), Warp Gate  
  26  2:37  Probe (Chrono Boost)  
  30  2:43  Mothership Core  
  32  2:56  Probe  
  33  3:01  Adept (Chrono Boost)  
  35  3:12  Gateway  
  35  3:14  Gateway  
  35  3:17  Probe (Chrono Boost)  
  35  3:18  Probe (Chrono Boost)  
  37  3:27  Sentry  
  39  3:30  Probe (Chrono Boost)  
  39  3:31  Probe (Chrono Boost)  
  41  3:35  Pylon  
  41  3:40  Probe (Chrono Boost)  
  43  3:44  Pylon  
  43  3:46  Probe (Chrono Boost)  
  43  3:48  Forge  
  43  3:50  Probe (Chrono Boost)  
  43  3:54  Probe (Chrono Boost)  
  45  4:00  Probe (Chrono Boost)  
  46  4:06  Probe (Chrono Boost)  
  45  4:12  Probe (Chrono Boost)  
  45  4:16  Assimilator  
  47  4:18  Probe (Chrono Boost)  
  47  4:22  Probe (Chrono Boost)  
  48  4:24  Probe (Chrono Boost)  
  48  4:29  Probe  
  48  4:30  Assimilator  
  50  4:33  Protoss Shields Level 1 (Chrono Boost)  
  50  4:35  Probe  
  50  4:37  Twilight Council  
  51  4:40  Adept x3  
  57  4:45  Probe  
  58  4:54  Gateway  
  58  4:56  Gateway  
  58  4:57  Gateway  
  60  5:01  Pylon  
  60  5:02  Pylon  
  60  5:04  Pylon  
  58  5:08  Stalker  
  59  5:21  Adept x2  
  61  5:36  Adept  
  61  5:40  Gateway  
  57  5:47  Adept x2  
  59  5:56  Adept x4  
  63  6:01  Shield Upgrade (Chrono Boost)  
  63  6:11  Adept x4  
  65  6:27  Adept x2  
  65  6:31  Robotics Facility  
  61  6:46  Adept  
  61  6:47  Adept x5  
  65  6:51  Pylon  
  65  6:53  Pylon x2, Charge (Chrono Boost)  
  69  7:05  Adept  
  65  7:20  Observer (Chrono Boost)  
  66  7:23  Robotics Bay  
  64  7:34  Observer (Chrono Boost)  
  64  7:35  Zealot x2  
  64  7:36  Zealot x5  
  67  7:50  Pylon, Warp Prism (Chrono Boost)  
  65  8:08  Dark Shrine  
  65  8:10  Adept  
  71  8:22  Disruptor (Chrono Boost)  
  71  8:26  Stalker x2  
  75  8:28  Zealot x2  
  75  8:29  Zealot x2  
  79  8:35  Disruptor  
  79  8:45  Pylon  
  79  8:46  Pylon  
  75  8:54  Stalker x3  
  79  9:13  Stalker  
  75  9:18  Observer (Chrono Boost), Pylon x2  
  76  9:24  Dark Templar  
  76  9:25  Dark Templar  
  76  9:27  Zealot  
  75  9:45  Zealot x2  
  62  9:50  Zealot  
  33  10:02  Probe x2 (Chrono Boost)  
  33  10:03  Dark Templar  
  33  10:04  Dark Templar  
  29  10:12  Probe (Chrono Boost)  
  26  10:19  Probe (Chrono Boost)  
  26  10:22  Zealot x2  
  26  10:28  Gateway, Warp Prism  
  30  10:29  Gateway  
  30  10:31  Probe (Chrono Boost)  
  33  10:37  Probe (Chrono Boost)  
  30  10:42  Dark Templar  
  30  10:46  Zealot x3  
  30  10:48  Probe  
  39  10:52  Archon  
  39  10:53  Archon  
  37  11:22  Zealot x3  
  38  11:27  Observer  
  29  11:51  Zealot x2  
  19  12:21  Dark Templar  
Show
View Real Time Build Order
Export as new Build Order

Jayu Zerg - Winner!

Build Orders: Hatch First, Lurkers 

Get SALT Encoding   

  12  0:01  Drone  
  13  0:09  Drone  
  14  0:17  Extractor  
  14  0:18  Drone  
  14  0:21  Extractor  
  14  0:22  Drone  
  16  0:44  Hatchery  
  15  0:59  Spawning Pool  
  15  1:02  Extractor  
  15  1:03  Drone  
  14  1:08  Extractor  
  14  1:09  Drone  
  15  1:16  Overlord  
  15  1:41  Drone x3  
  15  1:46  Queen  
  20  1:52  Zergling x2  
  21  1:55  Queen  
  23  2:01  Drone  
  23  2:07  Drone  
  25  2:14  Metabolic Boost  
  25  2:22  Drone  
  26  2:23  Drone x2  
  28  2:31  Extractor  
  28  2:32  Drone  
  28  2:35  Overlord  
  28  2:41  Extractor  
  28  2:42  Drone x2, Extractor  
  30  2:56  Drone x4  
  34  2:58  Drone x2  
  36  3:07  Overlord  
  36  3:09  Lair  
  36  3:18  Roach Warren  
  36  3:19  Drone  
  35  3:23  Overlord  
  35  3:24  Drone  
  37  3:27  Zergling x4  
  37  3:28  Zergling x2  
  37  3:30  Zergling x2  
  40  3:42  Drone x4  
  40  3:47  Drone x2  
  46  3:49  Overlord  
  46  3:56  Drone  
  45  4:12  Hatchery  
  45  4:13  Drone  
  45  4:14  Drone x7  
  52  4:21  Drone x3  
  53  4:28  Extractor  
  53  4:29  Roach x2, Extractor  
  55  4:32  Hydralisk Den  
  55  4:35  Roach  
  56  4:45  Overlord  
  56  4:58  Overlord x3  
  56  5:01  Lurker Den  
  56  5:06  Hydralisk x5  
  66  5:11  Hydralisk  
  68  5:26  Hydralisk x5  
  78  5:31  Hydralisk  
  76  5:38  Hydralisk  
  76  5:39  Hydralisk  
  76  5:45  Drone x4  
  76  5:46  Drone x2  
  78  5:54  Drone x4  
  79  5:58  Evolution Chamber, Drone x3  
  79  6:02  Hydralisk  
  81  6:11  Extractor  
  78  6:14  Drone x3  
  78  6:18  Hydralisk x2  
  80  6:20  Hydralisk  
  82  6:28  Extractor  
  82  6:31  Drone x4  
  69  6:47  Lurker x2  
  69  6:49  Lurker  
  69  6:50  Hydralisk x3  
  72  7:05  Hydralisk  
  72  7:06  Hydralisk x3  
  74  7:20  Hydralisk x4  
  82  7:29  Drone  
  82  7:30  Drone x2  
  82  7:33  Lurker  
  77  7:38  Drone x2  
  79  7:46  Drone x3  
  79  7:47  Drone  
  83  7:52  Drone  
  84  8:08  Hydralisk  
  84  8:09  Hydralisk x3  
  84  8:12  Overseer  
  92  8:42  Overlord x2  
  85  8:59  Lurker x5  
  90  9:04  Hydralisk  
  90  9:05  Hydralisk x2  
  90  9:07  Zergling x24  
  108  9:14  Drone x2  
  108  9:15  Lurker x4  
  108  9:16  Lurker  
  100  9:20  Drone  
  101  9:32  Hatchery  
  96  9:43  Overseer  
  96  9:44  Overseer  
  83  9:53  Hydralisk  
  83  9:54  Drone x2  
  84  10:03  Overseer  
  84  10:05  Hydralisk x5  
  84  10:06  Spine Crawler, Hydralisk x2  
  84  10:19  Hydralisk x2  
  86  10:25  Drone, Overseer  
  85  10:39  Overlord x2, Hydralisk  
  85  10:40  Hydralisk  
  87  10:54  Nydus Network  
  87  10:55  Queen  
  88  10:57  Drone  
  88  10:58  Drone x4  
  93  11:08  Extractor  
  88  11:24  Lurker x2  
  90  11:26  Roach  
  90  11:27  Roach x7  
  96  11:35  Roach  
  96  11:36  Roach x2  
  92  11:46  Hydralisk x2  
  92  11:47  Hydralisk  
  85  11:52  Roach  
  85  11:54  Drone  
  92  11:57  Drone x2  
  94  12:06  Hydralisk x2  
Tags
 
Add a new tag
Caveats
  • Supply blocks, unpowered buildings, or Contaminate may cause inaccurate times.
  • Supply counts are checked every 10 seconds.